 Dungeon Crawl Stone Soup version 0.26-b1-32-g5d43845318 (webtiles) character file.

Game seed: 17733463743478184244

95 Borgoz the Skirmisher (level 4, 0/39 HPs)
             Began as a Ghoul Fighter on Jan 13, 2021.
             Slain by a kobold
             ... wielding a +3 whip
              (6 damage)
             ... on level 2 of the Dungeon.
             The game lasted 00:01:14 (947 turns).

Borgoz the Skirmisher (Ghoul Fighter)                Turns: 947, Time: 00:01:14

Health: 0/39       AC:  6    Str: 14 (19) XL:     4   Next: 65%
Magic:  3/3        EV:  7    Int:  0 (3)  God:
Gold:   36         SH:  8    Dex:  8 (9)  Spells: 3/3 levels left

rFire    . . .     SeeInvis .   a - +0 long sword
rCold    + . .     Faith    .   c - +0 kite shield
rNeg     + + +     Spirit   .   b - +0 scale mail
rPois    ∞         Reflect  .   (no helmet)
rElec    .         Harm     .   (no cloak)
rCorr    +         Rampage  .   (no gloves)
Will     .....                  (no boots)
Stlth    ..........             (no amulet)
HPRegen  0.00/turn              h - ring of resist corrosion
MPRegen  0.08/turn              (no ring)

@: attractive, slowed, lost intelligence, very slow
A: claws 1, cold resistance 1, negative energy resistance 3, inhibited
regeneration, torment resistance, unbreathing
a: no special abilities


You were on level 2 of the Dungeon.
You visited 1 branch of the dungeon, and saw 2 of its levels.

You collected 36 gold pieces.

Inventory:

Hand Weapons
 a - a +0 long sword (weapon)
Armour
 b - a +0 scale mail (worn)
 c - a +0 kite shield (worn)
Jewellery
 h - a ring of resist corrosion (left claw)
Scrolls
 f - a scroll of enchant armour {unknown}
 g - 2 scrolls of identify {unknown}
 k - a scroll of remove curse {unknown}
 l - a scroll of fog {unknown}
Potions
 d - a potion of might


   Skills:
 + Level 3.6 Fighting
 * Level 2.5 Long Blades
 * Level 3.3 Armour
 * Level 1.6 Dodging
 + Level 3.0 Shields


You had 3 spell levels left.
You didn't know any spells.
Your spell library was empty.

Dungeon Overview and Level Annotations

Branches:
Dungeon (2/15)

Altars:


Innate Abilities, Weirdness & Mutations

You thrive by killing the living.
You are immune to poison.
You have sharp fingernails.
Your flesh is cold resistant. (rC+)
You are immune to negative energy. (rN+++)
You do not regenerate when monsters are visible.
You are immune to unholy pain and torment.
You can survive without breathing.


Message History

It was a potion of degeneration.
There was something very wrong with that liquid.
You feel weakened.
You feel dopey.
You have lost your intelligence.
You feel clumsy. The kobold hits you but does no damage.
The kobold hits you with a +3 whip.
* * * LOW HITPOINT WARNING * * *
You can move again.
Unknown command.
You closely miss the kobold.
The kobold hits you but does no damage. x2
You barely miss the kobold. You block the kobold's attack.
The kobold hits you but does no damage.
You hit the kobold but do no damage. The kobold hits you but does no damage.
You block the kobold's attack.
You hit the kobold but do no damage. The kobold barely misses you.
You block the kobold's attack.
It was a potion of attraction.
You feel attractive to monsters. The kobold hits you with a +3 whip.
You die...

... #.. #.# ...
#.# # #.# .. #w#
#..## #K##
....Kl)#@###
......###..#
.#.###.#.#.......
# #.######### #.#
#.# #†# #.## #(.#


You could see a worm and a kobold.

Vanquished Creatures
  4 gnolls (D:2)
  2 adders (D:2)
  A worm (D:2)
  A dart slug (D:1)
  3 leopard geckos
  7 goblins
  A hobgoblin (D:2)
  6 kobolds
  3 frilled lizards
  6 rats
34 creatures vanquished.

Notes
Turn   | Place    | Note
-------+----------+-------------------------------------------
     0 | D:1      | Borgoz the Ghoul Fighter began the quest for the Orb.
     0 | D:1      | Reached XP level 1. HP: 19/19 MP: 0/0
   123 | D:1      | Reached XP level 2. HP: 25/26 MP: 1/1
   521 | D:1      | Reached skill level 1 in Dodging
   592 | D:2      | Reached XP level 3. HP: 20/31 MP: 2/2
   710 | D:2      | Reached XP level 4. HP: 22/38 MP: 3/3
   941 | D:2      | Lost intelligence.
   947 | D:2      | Slain by a kobold

Illustrated notes

Levels and vault maps discovered:
D:1:      amcnicky_arrival_choice, layout_loops_ring
D:2:      layout_loops_ring, glass_columns_a

Skill      XL: |  1  2  3  4 |
---------------+-------------+-----
Long Blades    | 2 |  2.5
Armour         | 3 |  3.3
Dodging        | 1 |  1.6
Shields        | 3 |  3.0
Fighting       | |  3.6

Action                   |  1- 3 |  4- 6 || total
-------------------------+-------+-------++-------
Melee: Long sword        |    71 |    71 ||   142
  Use: Potion            |       |     3 ||     3
Armor: Scale mail        |    26 |    30 ||    56
Dodge: Dodged            |    20 |    27 ||    47
Block: Kite shield       |    25 |    34 ||    59
       Rpst.: Long sword |     3 |     9 ||    12
